 Dungeon Crawl Stone Soup version 0.23.0-3-gf3c87f2 (webtiles) character file.

Game seed: 4609688864551284165

280 vishdafish the Shield-Bearer (level 6, -12/79 HPs)
             Began as a Gnoll Fighter on Feb 22, 2019.
             Mangled by an ogre
             ... wielding a +0 giant club
              (19 damage)
             ... on level 3 of the Dungeon.
             The game lasted 00:05:24 (2882 turns).

vishdafish the Shield-Bearer (Gnoll Fighter)        Turns: 2882, Time: 00:05:24

Health: -12/79     AC:  7    Str: 24    XL:     6   Next: 27%
Magic:  8/8        EV:  9    Int: 12    God:
Gold:   217        SH: 11    Dex: 14    Spells: 8/8 levels left

rFire    . . .     SeeInvis .   d - +1 whip (elec)
rCold    . . .     Gourm    .   c - +0 shield
rNeg     . . .     Faith    .   b - +0 scale mail
rPois    .         Spirit   .   s - +0 hat {MR+}
rElec    .         Reflect  .   (no cloak)
rCorr    .         Harm     .   (no gloves)
MR       +....                  (no boots)
Stlth    ..........             (no amulet)
HPRegen  0.23/turn              (no ring)
MPRegen  0.11/turn              (no ring)

@: berserking, very quick
A: distributed training, fangs 1, strong nose
a: no special abilities


You were on level 3 of the Dungeon.
You were hungry.

You visited 1 branch of the dungeon, and saw 4 of its levels.

You collected 217 gold pieces.

Inventory:

Hand Weapons
 a - a +0 long sword
 d - a +1 whip of electrocution (weapon)
 q - a +0 blowgun
Missiles
 r - 5 poisoned needles
 u - 4 silver tomahawks (quivered)
Armour
 b - a +0 scale mail (worn)
 c - a +0 shield (worn)
 k - a +2 buckler
 s - a +0 hat of magic resistance (worn)
Jewellery
 n - an uncursed ring of ice
Scrolls
 e - a scroll of enchant armour
 i - a scroll of blinking
 m - 5 scrolls of remove curse
 p - a scroll of amnesia {unknown}
 t - 2 scrolls of teleportation
 w - 2 scrolls of magic mapping
Potions
 g - a potion of brilliance {unknown}
 h - a potion of heal wounds {unknown}
 j - 2 potions of curing {unknown}
 l - a potion of mutation {unknown}
 o - a potion of lignification {unknown}
 v - a potion of berserk rage
Comestibles
 f - 6 rations


   Skills:
 + Level 6.8 Fighting
 + Level 1.8 Short Blades
 + Level 4.9 Long Blades
 + Level 1.8 Axes
 + Level 1.8 Maces & Flails
 + Level 1.8 Polearms
 + Level 1.8 Staves
 + Level 1.8 Slings
 + Level 1.8 Bows
 + Level 1.8 Crossbows
 + Level 1.8 Throwing
 + Level 6.8 Armour
 + Level 1.8 Dodging
 + Level 1.8 Stealth
 + Level 6.8 Shields
 + Level 1.8 Unarmed Combat
 + Level 1.8 Spellcasting
 + Level 1.4 Conjurations
 + Level 1.4 Hexes
 + Level 1.4 Charms
 + Level 1.4 Summonings
 + Level 1.4 Necromancy
 + Level 1.4 Translocations
 + Level 1.4 Transmutations
 + Level 1.4 Fire Magic
 + Level 1.4 Ice Magic
 + Level 1.4 Air Magic
 + Level 1.4 Earth Magic
 + Level 1.4 Poison Magic
 + Level 2.0 Invocations
 + Level 1.8 Evocations


You had 8 spell levels left.
You didn't know any spells.
Your spell library was empty.

Dungeon Overview and Level Annotations

Branches:
Dungeon (4/15)
 Temple: D:4-7

Altars:
Ru

Annotations:
D:3 1 runed translucent door, Crazy Yiuf


Innate Abilities, Weirdness & Mutations

Your experience applies equally to all skills.
You have very sharp teeth.
Your uncanny sense of smell can sniff out nearby items.


Message History

The ogre hits you with a +0 giant club!
You hit the ogre.
The ogre is moderately wounded.
You block the ogre's attack.
You aren't carrying any items that you can evoke.
You hit the ogre but do no damage.
The ogre is moderately wounded.
The ogre hits you with a +0 giant club!!
* * * LOW HITPOINT WARNING * * *
Okay, then.
A red film seems to cover your vision as you go berserk!
You feel yourself moving faster!
You feel mighty!
The ogre hits you with a +0 giant club!!
* * * LOW HITPOINT WARNING * * *
You whack the ogre! Your bite misses the ogre.
The ogre is severely wounded.
You closely miss the ogre.
The ogre is severely wounded.
The ogre hits you with a +0 giant club!!
You die...

#.# #..........# #.#.###'#
###.#####..........######.#.##...
...............................>.
.########################....#...
..+ ##.'†.#...#....#..† ..##
##..##...###....#... ...#
##....#..##.#....#... ...##
##.....##....#....#... #...#
##....@..#..###....#... #...##
##....O...##.#.#....#### ##...#
##......#...#...#....#
.#...####......##...##.##.#######
.##...##...†..####...#..#........
..#...#......##..#...##.#........
#.##........##...##...#.#........
#..#.......##)†#..#...###........
...##.....##...##.##...##........


You could see an ogre.

Vanquished Creatures
  A crimson imp (D:2)
  An orc priest (D:3)
  An orc wizard (D:3)
  2 gnolls
  4 adders
  2 oozes
  3 worms
  3 dart slugs
  2 leopard geckos
  14 orcs
  A ball python (D:2)
  8 bats
  6 giant cockroaches
  11 goblins
  6 hobgoblins
  6 jackals
  2 quokkas
  3 frilled lizards
  9 kobolds
  7 rats
92 creatures vanquished.

Notes
Turn   | Place    | Note
-------+----------+-------------------------------------------
     0 | D:1      | vishdafish the Gnoll Fighter began the quest for the Orb.
     0 | D:1      | Reached XP level 1. HP: 23/23 MP: 1/1
   123 | D:1      | Reached XP level 2. HP: 28/29 MP: 2/2
   677 | D:1      | Reached XP level 3. HP: 35/35 MP: 3/3
  1013 | D:1      | Reached skill level 1 in Invocations
  1086 | D:2      | Reached skill level 1 in Short Blades
  1086 | D:2      | Reached skill level 1 in Axes
  1086 | D:2      | Reached skill level 1 in Maces & Flails
  1086 | D:2      | Reached skill level 1 in Polearms
  1086 | D:2      | Reached skill level 1 in Staves
  1086 | D:2      | Reached skill level 1 in Slings
  1086 | D:2      | Reached skill level 1 in Bows
  1086 | D:2      | Reached skill level 1 in Crossbows
  1086 | D:2      | Reached skill level 1 in Throwing
  1086 | D:2      | Reached skill level 1 in Dodging
  1086 | D:2      | Reached skill level 1 in Stealth
  1086 | D:2      | Reached skill level 1 in Unarmed Combat
  1086 | D:2      | Reached skill level 1 in Spellcasting
  1086 | D:2      | Reached skill level 1 in Evocations
  1100 | D:2      | Reached XP level 4. HP: 38/41 MP: 5/5
  1413 | D:2      | Reached skill level 1 in Conjurations
  1413 | D:2      | Reached skill level 1 in Hexes
  1413 | D:2      | Reached skill level 1 in Charms
  1413 | D:2      | Reached skill level 1 in Summonings
  1413 | D:2      | Reached skill level 1 in Necromancy
  1413 | D:2      | Reached skill level 1 in Translocations
  1413 | D:2      | Reached skill level 1 in Transmutations
  1413 | D:2      | Reached skill level 1 in Fire Magic
  1413 | D:2      | Reached skill level 1 in Ice Magic
  1413 | D:2      | Reached skill level 1 in Air Magic
  1413 | D:2      | Reached skill level 1 in Earth Magic
  1413 | D:2      | Reached skill level 1 in Poison Magic
  1613 | D:2      | Reached XP level 5. HP: 38/47 MP: 5/7
  2330 | D:3      | Found a sacrificial altar of Ru.
  2374 | D:3      | Reached XP level 6. HP: 53/53 MP: 8/8
  2693 | D:3      | Found a runed translucent door.
  2694 | D:3      | Noticed Crazy Yiuf
  2882 | D:3      | Mangled by an ogre

Skill      XL: |  1  2  3  4  5  6 |
---------------+-------------------+-----
Invocations    | 1 2 |  2.0
Short Blades   | 1 |  1.8
Axes           | 1 |  1.8
Maces & Flails | 1 |  1.8
Polearms       | 1 |  1.8
Staves         | 1 |  1.8
Slings         | 1 |  1.8
Bows           | 1 |  1.8
Crossbows      | 1 |  1.8
Throwing       | 1 |  1.8
Dodging        | 1 |  1.8
Stealth        | 1 |  1.8
Unarmed Combat | 1 |  1.8
Spellcasting   | 1 |  1.8
Evocations     | 1 |  1.8
Conjurations   | 1 |  1.4
Hexes          | 1 |  1.4
Charms         | 1 |  1.4
Summonings     | 1 |  1.4
Necromancy     | 1 |  1.4
Translocations | 1 |  1.4
Transmutations | 1 |  1.4
Fire Magic     | 1 |  1.4
Ice Magic      | 1 |  1.4
Air Magic      | 1 |  1.4
Earth Magic    | 1 |  1.4
Poison Magic   | 1 |  1.4
Fighting       | |  6.8
Long Blades    | |  4.9
Armour         | |  6.8
Shields        | |  6.8

Action                   |  1- 3 |  4- 6 || total
-------------------------+-------+-------++-------
Melee: Long sword        |    93 |    78 ||   171
       Bite              |     9 |    17 ||    26
       Whip              |       |   104 ||   104
  Use: Potion            |       |     2 ||     2
       Scroll            |       |     7 ||     7
  Eat: Chunk             |       |     6 ||     6
Armor: Scale mail        |    52 |    41 ||    93
Dodge: Dodged            |    41 |    59 ||   100
Block: Shield            |    67 |    81 ||   148
       Rpst.: Long sword |    12 |     3 ||    15
